 Dungeon Crawl Stone Soup version 0.22-a0-358-g7563fe7 (webtiles) character file.

11440 Amnesiac the Reanimator (level 11, -1/74 HPs)
             Began as a Mummy Necromancer on Apr 18, 2018.
             Was a High Priest of Sif Muna.
             Slain by a manticore (20 damage)
             ... on level 12 of the Dungeon.
             The game lasted 00:24:16 (11955 turns).

Amnesiac the Reanimator (Mummy Necromancer)        Turns: 11955, Time: 00:24:17

Health: -1/74      AC:  9    Str: 12    XL:     11   Next: 49%
Magic:  15/26      EV: 11    Int: 17    God:    Sif Muna [*****.]
Gold:   740        SH:  4    Dex: 13    Spells: 19/32 levels left

rFire    + . .     SeeInvis .   g - +9 staff of Olgreb {rPois}
rCold    + . .     Gourm    .   (no shield)
rNeg     + + +     Faith    .   s - +1 ring mail {rF+}
rPois    ∞         Spirit   .   u - +0 helmet
rElec    .         Reflect  +   k - +0 cloak
rCorr    .         Harm     .   c - +0 pair of gloves
MR       +....                  (no boots)
Stlth    +.........             t - +4 amulet of reflection
HPRegen  0.22/turn              n - ring of protection from fire
MPRegen  0.20/turn              (no ring)

@: divine energy
A: no food or potions, fire vulnerability, cold resistance 1, negative energy
resistance 3, torment resistance, unbreathing
a: Stop Divine Energy, Channel Magic, Forget Spell, Renounce Religion


You were on level 12 of the Dungeon.
You worshipped Sif Muna.
Sif Muna was extremely pleased with you.
You were not hungry.

You visited 2 branches of the dungeon, and saw 13 of its levels.

You collected 740 gold pieces.

Inventory:

Hand Weapons
 a - a +3 falchion of protection
 g - the +9 staff of Olgreb (weapon) {rPois}
   (You found it on level 8 of the Dungeon)

   It protects you from poison.
Armour
 c - a +0 pair of gloves (worn)
 k - a +0 cloak (worn)
 s - a +1 ring mail of fire resistance (worn)
 u - a +0 helmet (worn)
Jewellery
 n - a ring of protection from fire (left hand)
 t - a +4 amulet of reflection (around neck)
Wands
 b - a wand of flame (52)
 d - a wand of random effects (12)
 o - a wand of digging (8)
 q - a wand of iceblast (18)
 y - a wand of clouds (2)
 z - a wand of scattershot (8)
 A - a wand of paralysis (3)
Scrolls
 e - 9 scrolls of teleportation {!r}
 f - a scroll of holy word {!r}
 h - a scroll of blinking {!r}
 i - 4 scrolls of enchant armour {!r}
 l - 2 scrolls of identify {!r}
 r - 2 scrolls of enchant weapon {!r}
 v - a scroll of magic mapping {!r}
 w - a scroll of remove curse {!r}


   Skills:
 + Level 2.6 Fighting
 * Level 3.0 Dodging
 - Level 2.0 Stealth
 - Level 11.3 Spellcasting
 - Level 12.5 Necromancy
 - Level 8.5 Invocations


You had 19 spell levels left.
You knew the following spells:

 Your Spells              Type           Power        Failure   Level  Hunger
a - Vampiric Draining     Necr           ######....   1%          3    N/A
b - Apportation           Tloc           #.....       17%         1    N/A
e - Mephitic Cloud        Conj/Pois/Air  ##......     45%         3    N/A
s - Conjure Flame         Conj/Fire      #.......     45%         3    N/A
v - Blink                 Tloc           N/A          26%         2    N/A
z - Confusing Touch       Hex            #.....       17%         1    N/A

Dungeon Overview and Level Annotations

Branches:
Dungeon (12/15)            Temple (1/1) D:6            Lair (0/6) D:11
    Orc (0/2) D:10

Altars:
Ashenzari
Dithmenos
Fedhas
Hepliaklqana
Qazlal
Sif Muna
Uskayaw

Annotations:
D:8 1 runed door


Innate Abilities, Weirdness & Mutations

You do not eat or drink.
Your flesh is vulnerable to fire.
You are immune to poison.
Your flesh is cold resistant. (rC+)
You are immune to negative energy. (rN+++)
You are immune to unholy pain and torment.
You can survive without breathing.


Message History

You sock the crocodile!
You kill the crocodile!
Sif Muna accepts your kill.
No target in view!
No target in view!
You see here a crocodile corpse.
The helpless jelly fails to defend itself.
You hit the jelly.
Your hands burn!
The jelly is moderately wounded.
The jelly hits you but does no damage.
You sock the jelly!
You kill the jelly!
Sif Muna accepts your kill.
Your Dodging skill increases to level 3!
No target in view!
You open the door.
There is an open door here.
A manticore comes into view.
A manticore is nearby!
A manticore is nearby!
The manticore bites you! The manticore claws you.
The manticore claws you but does no damage.
You hit the manticore.
The manticore is poisoned.
The manticore is lightly wounded.
The manticore bites you!
* * * LOW HITPOINT WARNING * * *
The manticore claws you but does no damage. x2
Casting: Conjure Flame (safe; 45% risk of failure)
Confirm with . or Enter, or press ? or * to list all spells.
Aiming: Vampiric Draining (safe; 1% risk of failure)
Press: ? - help, Shift-Dir - straight line, f - manticore
Aim: a manticore (lightly wounded, poisoned)
The manticore is moderately wounded.
You feel life coursing into your body. The manticore bites you!
* * * LOW HITPOINT WARNING * * *
The manticore claws you!
* * * LOW HITPOINT WARNING * * *
The manticore completely misses you.
Casting: Vampiric Draining (safe; 1% risk of failure)
Confirm with . or Enter, or press ? or * to list all spells.
Aiming: Vampiric Draining (safe; 1% risk of failure)
Press: ? - help, Shift-Dir - straight line, f/p - manticore
Aim: a manticore (moderately wounded, poisoned)
The manticore is heavily wounded.
You feel life coursing into your body. The manticore completely misses you.
The manticore barely misses you. You block the manticore's attack.
Casting: Vampiric Draining (safe; 1% risk of failure)
Confirm with . or Enter, or press ? or * to list all spells.
Aiming: Vampiric Draining (safe; 1% risk of failure)
Press: ? - help, Shift-Dir - straight line, f/p - manticore
Aim: a manticore (heavily wounded, poisoned)
The manticore is severely wounded.
You feel life coursing into your body.
The manticore bites you but does no damage.
You block the manticore's attack. The manticore claws you.
* * * LOW HITPOINT WARNING * * *
Casting: Vampiric Draining (safe; 1% risk of failure)
Confirm with . or Enter, or press ? or * to list all spells.
Aiming: Vampiric Draining (safe; 1% risk of failure)
Press: ? - help, Shift-Dir - straight line, f/p - manticore
Aim: a manticore (severely wounded, poisoned)
The manticore is almost dead.
You feel life coursing into your body. The manticore bites you!!
You die...

###### ### #.#
#########.##.#####.######
#.#
.........................
...
...................######
#.#
#####...@..........######
##.####.##
#.###H...............
.......... ...
............######
........# ###
###.##.#####.#### #.#
#.##.# ##.##.### #.#
##.#..####........
##.####.+
.......##..##....
#.......#
#................
#.#.#.#.#
##.#..#.##..##....


You could see a manticore.

Vanquished Creatures
  A two-headed ogre (D:11)
  Nergalle (D:10)
  2 ugly things
  A manticore (D:11)
  Joseph (D:10)
  The ghost of Tungsten the Chiller, a novice HuIE (D:6)
  A troll (D:11)
  A hornet (D:10)
  A hippogriff (D:11)
  A shadow (D:11)
  A wyvern (D:11)
  5 yaks (D:9)
  2 hungry ghosts
  Menkaure (D:7)
  A warg (D:10)
  3 water moccasins (D:8)
  5 soldier ants (D:8)
  2 hell hounds (D:11)
  A sky beast (D:7)
  5 orc warriors
  3 black bears
  2 ice beasts
  2 ogres
  4 centaurs
  2 crocodiles
  2 big kobolds
  5 bullfrogs
  A wyvern skeleton (D:11)
  3 scorpions
  11 killer bees
  5 wights (D:5)
  6 howler monkeys
  5 crimson imps
  A quasit (D:11)
  3 hounds
  11 jellies
  10 orc wizards
  Crazy Yiuf (D:5)
  13 orc priests
  5 centaur skeletons
  5 iguanas
  9 worker ants
  2 hound skeletons
  A howler monkey zombie (D:5)
  A worker ant zombie (D:7)
  5 gnolls
  20 adders
  A shadow imp (D:6)
  An adder skeleton (D:8)
  An adder zombie (D:7)
  2 dart slugs
  9 leopard geckos
  33 orcs
  3 ball pythons
  7 bats
  5 giant cockroaches
  11 goblins
  6 hobgoblins
  11 kobolds
  3 quokkas (D:3)
  5 frilled lizards
  A leopard gecko skeleton (D:7)
  29 rats
303 creatures vanquished.

Notes
Turn   | Place    | Note
-------+----------+-------------------------------------------
     0 | D:1      | Amnesiac the Mummy Necromancer began the quest for the Orb.
     0 | D:1      | Reached XP level 1. HP: 13/13 MP: 4/4
   409 | D:1      | Reached XP level 2. HP: 19/19 MP: 1/5
  1013 | D:1      | Reached XP level 3. HP: 22/24 MP: 1/7
  1018 | D:1      | Learned a level 3 spell: Vampiric Draining
  1246 | D:2      | Reached skill level 5 in Necromancy
  1349 | D:2      | Reached XP level 4. HP: 25/30 MP: 5/8
  1422 | D:2      | Found a deep blue altar of Sif Muna.
  1427 | D:2      | Found a blossoming altar of Fedhas.
  1429 | D:2      | Found a shadowy altar of Dithmenos.
  1489 | D:3      | Reached skill level 1 in Fighting
  1816 | D:2      | Became a worshipper of Sif Muna the Loreminder
  2213 | D:2      | Reached XP level 5. HP: 38/38 MP: 5/10
  2621 | D:5      | Entered Level 5 of the Dungeon
  2723 | D:4      | Reached skill level 5 in Spellcasting
  3247 | D:3      | Reached XP level 6. HP: 44/44 MP: 8/13
  3269 | D:3      | Reached * piety under Sif Muna
  3690 | D:5      | Found a runed door.
  3694 | D:5      | Noticed Crazy Yiuf
  3699 | D:5      | Killed Crazy Yiuf
  3849 | D:5      | Reached skill level 6 in Necromancy
  4028 | D:5      | Reached XP level 7. HP: 26/50 MP: 14/16
  4618 | D:5      | Reached skill level 7 in Necromancy
  4681 | D:6      | Found a staircase to the Ecumenical Temple.
  4691 | D:6      | Reached ** piety under Sif Muna
  4849 | D:6      | Noticed Tungsten's ghost (novice HuIE)
  4863 | D:6      | Killed Tungsten's ghost
  4863 | D:6      | Reached skill level 8 in Necromancy
  4863 | D:6      | Reached XP level 8. HP: 23/56 MP: 4/19
  5164 | D:6      | Reached *** piety under Sif Muna
  5202 | D:6      | Reached skill level 9 in Necromancy
  5867 | D:7      | Reached XP level 9. HP: 39/61 MP: 4/21
  5931 | D:7      | Reached skill level 10 in Necromancy
  6069 | D:7      | Reached **** piety under Sif Muna
  6142 | D:7      | Noticed Menkaure
  6188 | Temple   | Entered the Ecumenical Temple
  6375 | D:7      | Killed Menkaure
  6741 | D:8      | Found a runed door.
  6743 | D:8      | Found a runed gate.
  6749 | D:8      | Found the +9 staff of Olgreb {rPois}
  6751 | D:8      | Found a runed door.
  6814 | D:8      | Reached skill level 11 in Necromancy
  6827 | D:8      | Reached ***** piety under Sif Muna
  6972 | D:8      | Found a runed gate.
  6985 | D:8      | Found a runed gate.
  7023 | D:8      | Found a shattered altar of Ashenzari.
  7023 | D:8      | Found a hide-covered altar of Uskayaw.
  7177 | D:8      | Reached skill level 10 in Spellcasting
  7229 | D:8      | Found a hazy altar of Hepliaklqana.
  7323 | D:8      | Received a gift from Sif Muna
  7344 | D:8      | Reached XP level 10. HP: 57/67 MP: 1/24
  7528 | D:8      | Reached skill level 12 in Necromancy
  8226 | D:9      | Reached skill level 1 in Invocations
  8643 | D:10     | Entered Level 10 of the Dungeon
  8751 | D:10     | Noticed a brown ugly thing
  8761 | D:10     | Killed a brown ugly thing
  8910 | D:10     | Reached skill level 5 in Invocations
  9319 | D:10     | Noticed Nergalle
  9338 | D:10     | Killed Nergalle
  9341 | D:10     | Reached XP level 11. HP: 66/72 MP: 17/26
  9388 | D:10     | Found a staircase to the Orcish Mines.
  9611 | D:10     | Noticed Joseph
  9625 | D:10     | Killed Joseph
  9849 | D:10     | Found a stormy altar of Qazlal.
  9959 | D:11     | Found a shadowy altar of Dithmenos.
 10353 | D:11     | Learned a level 3 spell: Conjure Flame
 10356 | D:11     | Learned a level 2 spell: Blink
 10360 | D:11     | Learned a level 3 spell: Mephitic Cloud
 10561 | D:11     | Found a staircase to the Lair.
 10613 | D:11     | Noticed a two-headed ogre
 10640 | D:11     | Killed a two-headed ogre
 11125 | D:11     | Learned a level 1 spell: Apportation
 11127 | D:11     | Learned a level 1 spell: Confusing Touch
 11146 | D:11     | Identified Sif Muna's Second Course in Wizardry (Sif Muna gifted it to you on level 11 of the Dungeon)
 11146 | D:11     | Received a gift from Sif Muna
 11720 | D:12     | Noticed a white ugly thing
 11726 | D:12     | Killed a white ugly thing
 11955 | D:12     | Slain by a manticore

Vault maps used:
D:1:      lordsloth_arrival_two_stooges
D:2:      nicolae_overflow_hidden_temple
D:3:      minmay_rat_hole
D:4:      first_ration
D:5:      uniq_crazy_yiuf_cottage
D:6:      nicolae_whirlpool, minmay_temple_entry_junction
D:7:      uniq_menkaure
D:8:      gammafunk_temple_overflow_elements, lemuel_coloured_pillars_altar,
          minmay_guarded_unrand_staff_of_olgreb
D:9:      blue_anna_alchemist
D:10:     erik_orc_3, basic_altar, minivault_25, uniq_joseph, uniq_nergalle
D:11:     minmay_lair_entry_lava, minmay_misc_feat_roman, minivault_26,
          minivault_27, lemuel_statue_altar
Temple:   eino_temple_scatter_basement

Skill      XL: |  1  2  3  4  5  6  7  8  9 10 11 |
---------------+----------------------------------+-----
Spellcasting   | 3 5 6 7 8 10 11 | 11.3
Stealth        | 2 |  2.0
Dodging        | 2 3 |  3.0
Necromancy     | 5 6 8 9 11 12 | 12.5
Fighting       | 2 |  2.6
Invocations    | 6 8 |  8.5

Action                   |  1- 3 |  4- 6 |  7- 9 | 10-12 || total
-------------------------+-------+-------+-------+-------++-------
Melee: Unarmed           |    12 |       |       |       ||    12
       Dagger            |    11 |    40 |       |       ||    51
       Quarterstaff      |       |    39 |    93 |       ||   132
       Falchion          |       |       |   213 |    46 ||   259
       Staff             |       |       |       |   244 ||   244
 Fire: Hunting sling     |       |       |     5 |       ||     5
 Cast: Pain              |    59 |   151 |    11 |       ||   221
       Vampiric Draining |       |     1 |    86 |   127 ||   214
       Conjure Flame     |       |       |       |     4 ||     4
Invok: Divine Energy     |       |     1 |       |       ||     1
Evoke: Wand              |       |       |     4 |    10 ||    14
       Staff of Olgreb   |       |       |       |    24 ||    24
  Use: Scroll            |       |     3 |     4 |     9 ||    16
 Stab: Sleeping          |       |     1 |       |     1 ||     2
Armor: Robe              |     8 |     2 |       |       ||    10
       Leather armour    |       |    31 |   223 |   137 ||   391
       Ring mail         |       |       |       |     5 ||     5
Dodge: Dodged            |    30 |    86 |   270 |   308 ||   694
Block: Other             |       |       |       |    57 ||    57
       Rpst.: Falchion   |       |       |    59 |    16 ||    75

Table legend:
 A = Spawn XP
 B = Non-spawn XP
 C = Spawn XP percentage of total XP
 D = Spawn monster count
 E = Non-spawn monster count
 F = Spawn count percentage of total count
 G = Total turns spent on level
                    A         B        C        D         E        F      G
               +---------+---------+-------+---------+---------+-------+---------
         Total |       0 |   16343 |   0.0 |       0 |     303 |   0.0 | 11955
               +---------+---------+-------+---------+---------+-------+---------
           D:1 |       0 |      46 |   0.0 |       0 |      19 |   0.0 |  1043
           D:2 |       0 |     105 |   0.0 |       0 |      24 |   0.0 |   903
           D:3 |       0 |     206 |   0.0 |       0 |      47 |   0.0 |  1003
           D:4 |       0 |     144 |   0.0 |       0 |       6 |   0.0 |   653
           D:5 |       0 |     541 |   0.0 |       0 |      14 |   0.0 |  1079
           D:6 |       0 |    1324 |   0.0 |       0 |      22 |   0.0 |   988
           D:7 |       0 |    1213 |   0.0 |       0 |      25 |   0.0 |   853
           D:8 |       0 |    2894 |   0.0 |       0 |      48 |   0.0 |  1199
           D:9 |       0 |    1947 |   0.0 |       0 |      22 |   0.0 |  1129
          D:10 |       0 |    3184 |   0.0 |       0 |      33 |   0.0 |  1329
          D:11 |       0 |    3911 |   0.0 |       0 |      35 |   0.0 |  1509
          D:12 |       0 |     828 |   0.0 |       0 |       8 |   0.0 |   265
               +---------+---------+-------+---------+---------+-------+---------
